[Event "ICC tourney 2314 (120 10)"]
[Site "Internet Chess Club"]
[Date "2021.01.17"]
[Round "3"]
[White "yogokings12"]
[Black "ChunkyApple"]
[Result "1-0"]
[ICCResult "Black checkmated"]
[WhiteElo "1573"]
[BlackElo "1295"]
[Opening "KGA: bishop's gambit"]
[ECO "C33"]
[NIC "KG.03"]
[Time "11:01:43"]
[PlyCount "151"]
[TimeControl "7200+10"]

1. e4 e5 2. f4 exf4 3. Bc4 Bc5 4. Bxf7+ Kxf7 5. Qh5+ g6 6. Qxc5 Qh4+ 7. Kf1
Nc6 8. Nf3 Qe7 9. Qxe7+ Kxe7 10. Nc3 h6 11. h4 Nf6 12. d4 Nh5 13. Kf2 d6
14. Nd5+ Kd8 15. Nxf4 Nxf4 16. Bxf4 h5 17. Bg5+ Ke8 18. Rae1 Nb4 19. c3
Nd3+ 20. Ke3 Nxe1 21. Rxe1 Kf7 22. e5 Re8 23. Bf6 Be6 24. Ng5+ Kg8 25. b3
dxe5 26. dxe5 Bd5 27. g3 Rf8 28. Rd1 Bc6 29. Rf1 Rae8 30. Kd4 Re7 31. e6 b6
32. Rf4 Ree8 33. Ke5 Rc8 34. e7 Rfe8 35. Ke6 Rcd8 36. Rd4 Rxd4 37. cxd4 a5
38. d5 Bb7 39. Kd7 Rc8 40. e8=Q+ Rxe8 41. Kxe8 Bxd5 42. Bd8 b5 43. Bxc7 a4
44. bxa4 bxa4 45. a3 Kg7 46. Be5+ Kg8 47. Ke7 Bb3 48. Kf6 Bc2 49. Ne6 Bb1
50. Nf4 Kh7 51. Ne2 Bd3 52. Nc3 Bc2 53. Bf4 Bb3 54. Ke5 Kg7 55. Kd4 Kf7 56.
Kc5 Ke6 57. Kb4 Bd1 58. Nxa4 Kd5 59. Nc3+ Kc6 60. Nxd1 Kb6 61. a4 Ka6 62.
a5 g5 63. Bxg5 Ka7 64. Kb5 Kb7 65. Nc3 Ka7 66. Na4 Kb7 67. a6+ Ka7 68. Be3+
Kb8 69. Nb6 Ka7 70. Nd5+ Kb8 71. Kb6 Ka8 72. Nc7+ Kb8 73. a7+ Kc8 74. a8=Q+
Kd7 75. Qe8+ Kd6 76. Qe6# { Black checkmated } 1-0

[Event "ICC tourney 2314 (120 10)"]
[Site "Internet Chess Club"]
[Date "2021.01.17"]
[Round "3"]
[White "JonesGill"]
[Black "fireheart"]
[Result "1/2-1/2"]
[ICCResult "Game drawn by mutual agreement"]
[WhiteElo "1277"]
[BlackElo "1613"]
[Opening "Scotch gambit: Dubois-Réti defense"]
[ECO "C55"]
[NIC "KP.02"]
[Time "11:01:27"]
[PlyCount "67"]
[TimeControl "7200+10"]

1. e4 e5 2. Nf3 Nc6 3. d4 exd4 4. Bc4 Nf6 5. e5 d5 6. Bb5 Ne4 7. Nxd4 Bd7
8. Bxc6 bxc6 9. O-O Be7 10. c3 O-O 11. Be3 c5 12. Ne2 Bf5 13. f3 Ng5 14.
Ng3 Qd7 15. h4 Bxb1 16. hxg5 Bf5 17. Nxf5 Qxf5 18. Qxd5 Rfd8 19. Qe4 Qxe4
20. fxe4 Rd3 21. Kf2 Rb8 22. Ke2 c4 23. Rab1 a6 24. Rfd1 Rxd1 25. Kxd1 Rb5
26. Bf4 Ra5 27. a3 Rb5 28. Kc2 Kf8 29. Rd1 Rb6 30. Rh1 Kg8 31. Rd1 Rc6 32.
Rd7 Kf8 33. Rd4 Ke8 34. g3 { Game drawn by mutual agreement } 1/2-1/2

[Event "ICC tourney 2314 (120 10)"]
[Site "Internet Chess Club"]
[Date "2021.01.17"]
[Round "3"]
[White "joeandjoe28"]
[Black "jackl514"]
[Result "1/2-1/2"]
[ICCResult "Game drawn by repetition"]
[WhiteElo "1416"]
[BlackElo "1606"]
[Opening "Sicilian: accelerated fianchetto, modern variation"]
[ECO "B34"]
[NIC "SI.33"]
[Time "11:01:32"]
[PlyCount "78"]
[TimeControl "7200+10"]

1. e4 c5 2. Nf3 Nc6 3. d4 cxd4 4. Nxd4 g6 5. Nc3 Bg7 6. Be3 Nf6 7. f3 O-O
8. Qd2 d5 9. exd5 Nxd5 10. Nxd5 Qxd5 11. Nxc6 Qxc6 12. O-O-O Bf5 13. Bd3
Rfd8 14. Qe2 Qf6 15. c3 Rdc8 16. Bxf5 Qxf5 17. Qd3 Qa5 18. Kb1 b5 19. Qd5
Rab8 20. Rd3 Rd8 21. Qe4 Rxd3 22. Qxd3 b4 23. cxb4 Qxb4 24. b3 a5 25. Rd1
a4 26. Bd2 Qa3 27. Bc1 Qb4 28. Qd8+ Rxd8 29. Rxd8+ Bf8 30. Bh6 Qe1+ 31. Kb2
Qf2+ 32. Ka3 Qc5+ 33. b4 Qc3+ 34. Kxa4 Qc6+ 35. Kb3 Qe6+ 36. Ka3 Qa6+ 37.
Kb3 Qe6+ 38. Ka3 Qa6+ 39. Kb3 Qe6+ { Game drawn by repetition } 1/2-1/2

[Event "ICC tourney 2314 (120 10)"]
[Site "Internet Chess Club"]
[Date "2021.01.17"]
[Round "3"]
[White "JavierDix"]
[Black "akshajp"]
[Result "1-0"]
[ICCResult "Black resigns"]
[WhiteElo "1472"]
[BlackElo "1389"]
[Opening "Queen's bishop game"]
[ECO "D02"]
[NIC "QP.06"]
[Time "11:01:50"]
[PlyCount "56"]
[TimeControl "7200+10"]

1. d4 Nf6 2. Nf3 d5 3. Bf4 e6 4. e3 c5 5. Nc3 a6 6. Ne2 c4 7. b3 cxb3 8.
axb3 Ne4 9. c3 h5 10. h4 Bd6 11. Ng5 Bxf4 12. exf4 Nxg5 13. hxg5 Nc6 14.
Ng3 h4 15. Nh5 g6 16. Nf6+ Ke7 17. g3 hxg3 18. Rxh8 gxf2+ 19. Kxf2 Qxh8 20.
Qf3 Bd7 21. Bg2 Qg7 22. Qe3 Kd8 23. Rh1 Kc7 24. Rh7 Qf8 25. c4 Nb4 26. Qe5+
Kd8 27. Nxd7 Kxd7 28. Qf6 Kc8 { Black resigns } 1-0

[Event "ICC tourney 2314 (120 10)"]
[Site "Internet Chess Club"]
[Date "2021.01.17"]
[Round "3"]
[White "Elias1302"]
[Black "LOCHAR"]
[Result "0-1"]
[ICCResult "White resigns"]
[WhiteElo "1609"]
[BlackElo "1417"]
[Opening "Pirc: Ufimtsev-Pytel variation"]
[ECO "B07"]
[NIC "PU.08"]
[Time "11:01:33"]
[PlyCount "70"]
[TimeControl "7200+10"]

1. e4 d6 2. d4 Nf6 3. Nc3 c6 4. Bg5 Nbd7 5. Bc4 b5 6. Bd3 a6 7. Nf3 Qc7 8.
Qe2 e5 9. O-O exd4 10. Nxd4 c5 11. Ndxb5 axb5 12. Nxb5 Qb8 13. a4 Be7 14.
Nc3 O-O 15. f4 Re8 16. Bb5 h6 17. Bh4 Bd8 18. Bd3 Bb7 19. Rfe1 Ba5 20. Bb5
Bxc3 21. bxc3 Rxe4 22. Qf2 d5 23. g3 c4 24. a5 Qa7 25. Qxa7 Rxa7 26. Reb1
Ba8 27. Re1 Nc5 28. a6 Rae7 29. Reb1 Re2 30. Ba4 Nxa6 31. Bxf6 gxf6 32. Bb5
Nc7 33. Ba4 Kg7 34. Ra3 Rd2 35. Raa1 Ree2 { White resigns } 0-1

[Event "ICC tourney 2314 (120 10)"]
[Site "Internet Chess Club"]
[Date "2021.01.17"]
[Round "3"]
[White "RachanaB"]
[Black "rachael1120"]
[Result "0-1"]
[ICCResult "White resigns"]
[WhiteElo "1461"]
[BlackElo "1655"]
[Opening "Sicilian: accelerated fianchetto, modern variation"]
[ECO "B34"]
[NIC "SI.33"]
[Time "11:01:37"]
[PlyCount "86"]
[TimeControl "7200+10"]

1. e4 c5 2. Nf3 Nc6 3. d4 cxd4 4. Nxd4 g6 5. Nc3 Bg7 6. Be3 Nf6 7. Be2 O-O
8. Qd2 d5 9. f3 dxe4 10. fxe4 Nxe4 11. Nxe4 Nxd4 12. Bd3 Nf5 13. O-O-O Nxe3
14. Qxe3 Qa5 15. Bc4 Qe5 16. c3 Be6 17. Qe2 Bxc4 18. Qxc4 Rac8 19. Qd3 Qa5
20. Kb1 Qb6 21. Ka1 a5 22. h4 Rfd8 23. Qf3 Rxd1+ 24. Rxd1 Rd8 25. Re1 f5
26. Ng5 Rd2 27. Rb1 h6 28. Nh3 Qb5 29. Nf4 Kh7 30. Qg3 Qb6 31. Qh3 Qf2 32.
Ne6 Qxg2 33. Qxg2 Rxg2 34. Re1 Bf6 35. Rh1 Re2 36. Nc5 f4 37. Nd3 f3 38.
Rf1 Rd2 39. Nc5 Bxh4 40. a3 f2 41. Ka2 Re2 42. Nd3 Re3 43. Rd1 Rxd3 { White
resigns } 0-1

[Event "ICC tourney 2314 (120 10)"]
[Site "Internet Chess Club"]
[Date "2021.01.17"]
[Round "3"]
[White "mathewjiang"]
[Black "Cbf577"]
[Result "0-1"]
[ICCResult "White resigns"]
[WhiteElo "1641"]
[BlackElo "1363"]
[Opening "Queen's pawn game, Darooha variation "]
[ECO "D02"]
[NIC "QP.08"]
[Time "11:02:20"]
[PlyCount "144"]
[TimeControl "7200+10"]

1. d4 d5 2. Nf3 Nf6 3. c4 e6 4. e3 c5 5. Be2 Be7 6. O-O O-O 7. Nc3 Nc6 8.
b3 a6 9. Bb2 Bd6 10. Rc1 b6 11. Qc2 Bd7 12. Rfd1 Rb8 13. dxc5 Bxc5 14. cxd5
exd5 15. Nxd5 Nxd5 16. Rxd5 Nb4 17. Qc3 f6 18. Qc4 Nxd5 19. Qxd5+ Kh8 20.
Bxa6 Bc8 21. Qxd8 Rxd8 22. Bxc8 Rbxc8 23. Kf1 Kg8 24. Ke2 Bb4 25. Rxc8 Rxc8
26. Nd4 Bc5 27. Kd3 Rd8 28. a3 Kf7 29. b4 Bxd4 30. Bxd4 b5 31. Kc3 Ke6 32.
f3 Ra8 33. Kb3 Kd5 34. Bc5 f5 35. g3 g6 36. h4 Kc6 37. Kb2 Rd8 38. Kc2 Rg8
39. Be7 Ra8 40. Kb3 Kd5 41. Bc5 h6 42. Be7 Ke6 43. Bc5 g5 44. hxg5 hxg5 45.
Bd4 Kd5 46. Bc5 g4 47. fxg4 fxg4 48. Kb2 Ke4 49. Kb3 Kf3 50. Bd6 Kxe3 51.
Bf4+ Kd3 52. Bd6 Kd4 53. Bc5+ Kd5 54. Be7 Re8 55. Bg5 Ra8 56. Bf4 Kd4 57.
Bd6 Ra6 58. Bf4 Kd3 59. Be5 Ke4 60. Bf4 Kd3 61. Be5 Ke2 62. Bf4 Kf2 63. Be5
Ra8 64. Bf4 Rf8 65. Bd6 Rf3+ 66. Kb2 Ke2 67. Bf4 Rxf4 68. gxf4 g3 69. f5 g2
70. f6 g1=Q 71. f7 Qg7+ 72. Kb3 Qxf7+ { White resigns } 0-1

[Event "ICC tourney 2314 (120 10)"]
[Site "Internet Chess Club"]
[Date "2021.01.17"]
[Round "3"]
[White "WaSabi5829"]
[Black "muzikmixer"]
[Result "1/2-1/2"]
[ICCResult "Game drawn by mutual agreement"]
[WhiteElo "1386"]
[BlackElo "1633"]
[Opening "English opening"]
[ECO "A10"]
[NIC "EO.22"]
[Time "11:01:25"]
[PlyCount "151"]
[TimeControl "7200+10"]

1. c4 d6 2. Nc3 e5 3. e4 c6 4. d3 Be7 5. Nge2 Bg5 6. g3 Bxc1 7. Rxc1 Bg4 8.
Bg2 Bxe2 9. Nxe2 Na6 10. O-O Qb6 11. b3 Nf6 12. h3 O-O 13. Kh2 Rae8 14. g4
Nc5 15. Ng3 Ne6 16. Ne2 h5 17. f3 h4 18. Qd2 g5 19. b4 Nd7 20. Rfd1 Qf2 21.
Rf1 Qb6 22. Rcd1 Qd8 23. d4 Qf6 24. d5 cxd5 25. Qxd5 Nf4 26. Nxf4 Qxf4+ 27.
Kh1 Nb6 28. Qd3 Rc8 29. Rc1 Rfd8 30. Rfd1 d5 31. c5 d4 32. Rc2 Nd7 33. Rdc1
Nf8 34. b5 Ne6 35. c6 b6 36. Qd2 Qxd2 37. Rxd2 Kf8 38. Bf1 Ke7 39. Kg2 Nf4+
40. Kf2 Kd6 41. a4 Ne6 42. Ra1 Nc5 43. Ra3 Rc7 44. Bc4 Re7 45. Ke2 Rc7 46.
Rda2 Nb7 47. cxb7 Rxc4 48. a5 Kc7 49. axb6+ axb6 50. Ra7 Rb8 51. Ra8 Rc5
52. Rxb8 Kxb8 53. Ra8+ Kxb7 54. Rg8 Rxb5 55. Rxg5 Rb2+ 56. Kd3 f6 57. Rf5
Rh2 58. Rxf6 Rxh3 59. Rf5 Rg3 60. Rxe5 Rxf3+ 61. Kxd4 Rg3 62. Rg5 h3 63.
Rh5 Kc6 64. g5 b5 65. Rh6+ Kd7 66. g6 h2 67. Rxh2 Rxg6 68. Rh7+ Kc6 69. Ke5
Kc5 70. Kf5 Rg1 71. Ke6 b4 72. e5 b3 73. Rb7 Kc4 74. Kf7 Rf1+ 75. Ke7 Rh1
76. Kf6 { Game drawn by mutual agreement } 1/2-1/2

[Event "ICC tourney 2314 (120 10)"]
[Site "Internet Chess Club"]
[Date "2021.01.17"]
[Round "3"]
[White "siddarth1"]
[Black "chessprogidy"]
[Result "1-0"]
[ICCResult "Black resigns"]
[WhiteElo "1462"]
[BlackElo "1361"]
[Opening "Scotch gambit: Benima defense"]
[ECO "C44"]
[NIC "SO.06"]
[Time "11:01:32"]
[PlyCount "103"]
[TimeControl "7200+10"]

1. e4 e5 2. Nf3 Nc6 3. d4 exd4 4. Bc4 Be7 5. c3 d6 6. cxd4 Nf6 7. Nc3 O-O
8. O-O Bg4 9. Be2 h6 10. h3 Bh5 11. d5 Nb8 12. Nd4 Bg6 13. Qc2 a6 14. a4 c5
15. dxc6 Nxc6 16. Nxc6 bxc6 17. Bd3 a5 18. Bf4 Qd7 19. Rad1 Qb7 20. Bh2
Rac8 21. Qe2 Rcd8 22. Rfe1 Qb6 23. Bb1 Bh5 24. g4 Bg6 25. Rd2 Nh7 26. Red1
Ng5 27. Kg2 Qb4 28. f4 Nxe4 29. Bxe4 d5 30. Bxg6 fxg6 31. Rd4 Qb7 32. Re1
Bf6 33. Rd2 Kh8 34. Bg1 Bh4 35. Rf1 Rde8 36. Qd1 Rf7 37. Bf2 Bd8 38. Bc5
Bc7 39. Rdf2 Bb6 40. Bxb6 Qxb6 41. Re1 Ref8 42. Qd2 g5 43. f5 Qb4 44. Re6
Qb7 45. Rfe2 Qd7 46. Qd4 h5 47. Rh6+ Kg8 48. Rxh5 Qd8 49. Re6 Rf6 50. Rxf6
Rxf6 51. Qd2 d4 52. Ne4 { Black resigns } 1-0

[Event "ICC tourney 2314 (120 10)"]
[Site "Internet Chess Club"]
[Date "2021.01.17"]
[Round "3"]
[White "PStricker"]
[Black "atchess11"]
[Result "1/2-1/2"]
[ICCResult "Game drawn because neither player has mating material"]
[WhiteElo "1519"]
[BlackElo "1398"]
[Opening "QGD: Neo-orthodox variation, 7.Bh4"]
[ECO "D56"]
[NIC "QO.13"]
[Time "11:01:33"]
[PlyCount "227"]
[TimeControl "7200+10"]

1. d4 d5 2. c4 e6 3. Nc3 Nf6 4. Bg5 Be7 5. Nf3 h6 6. Bh4 O-O 7. e3 c6 8.
Rc1 Nh7 9. Bg3 Ng5 10. Ne5 Nd7 11. f4 Nh7 12. Nf3 Ndf6 13. Bd3 Qb6 14. Qc2
Bb4 15. O-O Bxc3 16. bxc3 dxc4 17. Bxc4 Nd5 18. Rfe1 Qd8 19. e4 Nb6 20. Bd3
Re8 21. e5 Nf8 22. Bh4 Qc7 23. c4 c5 24. Bf2 cxd4 25. Nxd4 a6 26. Red1 Nbd7
27. c5 Nb8 28. c6 bxc6 29. Nxc6 Nxc6 30. Qxc6 Qxc6 31. Rxc6 Bb7 32. Rb6 Bd5
33. a3 Reb8 34. Rxa6 Rxa6 35. Bxa6 Ra8 36. Bb5 Rxa3 37. Rc1 Ra8 38. g3 Rb8
39. Ba4 Ra8 40. Bb5 Rb8 41. Bd3 Rb3 42. Bc2 Rb8 43. Bc5 Rc8 44. Ba3 Kh8 45.
Kf2 Nd7 46. Ke2 Nb6 47. Kd3 Bc4+ 48. Kd4 Bd5 49. Bc5 Nd7 50. Ba4 Nxc5 51.
Rxc5 Rxc5 52. Kxc5 Kg8 53. Kd6 Kf8 54. f5 Ba2 55. fxe6 Bxe6 56. Bd7 Ba2 57.
Bg4 Bb3 58. e6 fxe6 59. Bxe6 Bc2 60. Bc4 Bh7 61. Bd5 Bc2 62. Ke6 Bb1 63.
Bf3 Bg6 64. Bg4 Bf7+ 65. Kd6 Bg6 66. Ke6 Bf7+ 67. Kd7 Bg6 68. h4 Be4 69.
Ke6 Bd3 70. Bf5 Bc4+ 71. Ke5 Ke7 72. h5 Bf7 73. g4 Bb3 74. Bc8 Bc2 75. Bb7
Bd1 76. Bc8 Bc2 77. Bf5 Bxf5 78. Kxf5 Kf7 79. g5 hxg5 80. Kxg5 Kf8 81. Kg6
Kg8 82. Kf5 Kf7 83. Kg5 Kf8 84. Kf5 Kf7 85. Ke5 Ke7 86. Kf5 Kf7 87. Kg4 Kf8
88. Kf4 Kf7 89. Kf5 Kf8 90. Ke6 Ke8 91. Ke5 Ke7 92. Kf5 Kf7 93. Kg4 Kf6 94.
Kf4 Kf7 95. Ke5 Kg8 96. Kf4 Kh7 97. Kg5 Kh8 98. Kf5 Kg8 99. Kg6 Kh8 100.
Kf5 Kh7 101. Kg5 Kg8 102. Kf5 Kf7 103. Kg4 Kf6 104. Kf4 Ke6 105. Ke4 Kf6
106. Kf4 Ke7 107. Kg5 Kf7 108. Kf5 Kf8 109. Ke6 Kg8 110. Ke7 Kh7 111. Kf7
Kh8 112. Kg6 Kg8 113. h6 gxh6 114. Kxh6 { Game drawn because neither player
has mating material } 1/2-1/2

[Event "ICC tourney 2314 (120 10)"]
[Site "Internet Chess Club"]
[Date "2021.01.17"]
[Round "3"]
[White "joefiler"]
[Black "sairam23"]
[Result "0-1"]
[ICCResult "White checkmated"]
[WhiteElo "654"]
[BlackElo "1506"]
[Opening "French defense"]
[ECO "C00"]
[NIC "FR.01"]
[Time "11:01:31"]
[PlyCount "118"]
[TimeControl "7200+10"]

1. e4 e6 2. Nf3 d5 3. c4 Nc6 4. Nc3 dxe4 5. Nxe4 Nf6 6. Ng3 Bc5 7. Be2 O-O
8. O-O e5 9. Re1 Re8 10. d3 Nd4 11. Be3 Nxf3+ 12. Bxf3 Bd4 13. Qe2 c6 14.
c5 Bxe3 15. Qxe3 Bg4 16. h3 Bxf3 17. Qxf3 Qd4 18. Ne4 Nxe4 19. Qxe4 Qxc5
20. b4 Qd4 21. a4 Rad8 22. Ra3 Qxe4 23. dxe4 Rd4 24. b5 c5 25. a5 Rb4 26.
b6 axb6 27. axb6 Rxb6 28. Ra5 Rc8 29. Rc1 Rbc6 30. Ra7 b6 31. Rd1 h6 32.
Rdd7 Rf6 33. f3 c4 34. Rac7 Rxc7 35. Rxc7 Kf8 36. Rxc4 Rd6 37. Rb4 Ke7 38.
Kf2 Kd7 39. Rb5 f6 40. Kg3 Kc6 41. Rb2 Rd7 42. Kg4 Kc5 43. Kf5 b5 44. Ke6
Rb7 45. Rc2+ Kb4 46. Kd5 Kb3 47. Rc5 b4 48. Kc6 Ra7 49. Kb5 Ra8 50. Rc4
Rb8+ 51. Kc5 Rc8+ 52. Kb5 Rxc4 53. g3 Kc3 54. Ka4 b3+ 55. Ka3 Rc8 56. f4 b2
57. Ka2 Kc2 58. Ka3 b1=Q 59. fxe5 Ra8# { White checkmated } 0-1

[Event "ICC tourney 2314 (120 10)"]
[Site "Internet Chess Club"]
[Date "2021.01.17"]
[Round "3"]
[White "attalone"]
[Black "DrBoler"]
[Result "1/2-1/2"]
[ICCResult "Game drawn by mutual agreement"]
[WhiteElo "1650"]
[BlackElo "1442"]
[Opening "QGD: Orthodox defense"]
[ECO "D60"]
[NIC "QO.12"]
[Time "11:01:35"]
[PlyCount "113"]
[TimeControl "7200+10"]

1. d4 d5 2. c4 e6 3. Nc3 Nf6 4. Bg5 Be7 5. e3 Nbd7 6. Nf3 O-O 7. cxd5 Nxd5
8. Bxe7 Qxe7 9. Nxd5 exd5 10. Bd3 b6 11. O-O Bb7 12. Qc2 Nf6 13. Rac1 Rac8
14. Bf5 Ba6 15. Rfe1 Nd7 16. Bxh7+ Kh8 17. Bf5 g6 18. Bxd7 Qxd7 19. Ne5 Qd6
20. a3 c5 21. Qd2 Kg7 22. h3 Rh8 23. f4 f6 24. Nf3 c4 25. Qc2 Rce8 26. Qc3
Bb7 27. b4 b5 28. Ra1 a6 29. a4 Ra8 30. Re2 Bc6 31. a5 Bd7 32. Rf2 Bf5 33.
Re1 Rh7 34. Rb2 Rah8 35. Kf2 Qe6 36. Rh1 Be4 37. Ng1 f5 38. Ke1 Qf6 39. Qd2
Re8 40. Qf2 Bd3 41. Nf3 c3 42. Ra2 c2 43. Ra1 Qe7 44. Ne5 Qxb4+ 45. Qd2
Qxd2+ 46. Kxd2 Be4 47. Rac1 Rc8 48. Rhg1 b4 49. Nd7 b3 50. Nc5 Rxc5 51.
dxc5 Kf8 52. Kc3 Rc7 53. Kxb3 Rxc5 54. g4 Rxa5 55. gxf5 Bxf5 56. h4 Rb5+
57. Ka4 { Game drawn by mutual agreement } 1/2-1/2

[Event "ICC tourney 2314 (120 10)"]
[Site "Internet Chess Club"]
[Date "2021.01.17"]
[Round "3"]
[White "Kfprasanna"]
[Black "awakeprize"]
[Result "0-1"]
[ICCResult "White resigns"]
[WhiteElo "1311"]
[BlackElo "1470"]
[Opening "Sicilian: Nimzovich-Rossolimo attack (without ...d6)"]
[ECO "B30"]
[NIC "SI.31"]
[Time "11:01:34"]
[PlyCount "120"]
[TimeControl "7200+10"]

1. e4 c5 2. Nf3 Nc6 3. Bb5 d6 4. d4 cxd4 5. Nxd4 Bd7 6. Nxc6 Bxc6 7. Bxc6+
bxc6 8. Nc3 Nf6 9. Bg5 e6 10. Qd3 Be7 11. O-O O-O 12. Rfe1 d5 13. exd5 cxd5
14. Rad1 Rb8 15. b3 Bb4 16. Re2 Bxc3 17. Qxc3 Ne4 18. Rxe4 Qxg5 19. Ra4
Rfc8 20. Qd3 Rb7 21. h3 Rbc7 22. c4 dxc4 23. Rxc4 Rxc4 24. bxc4 h6 25. a3
Qc5 26. Rc1 Rc6 27. Qd8+ Kh7 28. Qd3+ Kg8 29. a4 Rd6 30. Qc2 Rd4 31. Qb3
Rd2 32. Rf1 Rd4 33. Rc1 Rd2 34. Qe3 Qxe3 35. fxe3 Kf8 36. c5 Ke7 37. Rb1
Rd7 38. Kf2 Rc7 39. Rc1 Kd7 40. Kf3 Rc6 41. Ke4 Ra6 42. Rc4 Kc6 43. Ke5 Ra5
44. Kd4 f6 45. g4 a6 46. Kc3 Rxc5 47. Kb4 a5+ 48. Kc3 Rxc4+ 49. Kxc4 e5 50.
h4 g6 51. h5 gxh5 52. gxh5 f5 53. Kd3 Kc5 54. Kc3 f4 55. exf4 exf4 56. Kd3
Kd5 57. Kc3 Ke4 58. Kd2 Kf3 59. Ke1 Kg2 60. Ke2 f3+ { White resigns } 0-1

[Event "ICC tourney 2314 (120 10)"]
[Site "Internet Chess Club"]
[Date "2021.01.17"]
[Round "3"]
[White "pusheen2019"]
[Black "thihansa"]
[Result "1-0"]
[ICCResult "Black checkmated"]
[WhiteElo "1499"]
[BlackElo "1231"]
[Opening "French: Tarrasch, closed variation"]
[ECO "C05"]
[NIC "FR.17"]
[Time "11:01:36"]
[PlyCount "83"]
[TimeControl "7200+10"]

1. e4 e6 2. d4 d5 3. Nd2 Nf6 4. e5 Nfd7 5. Bd3 c5 6. c3 Nc6 7. Ne2 Qb6 8.
Nf3 cxd4 9. cxd4 f6 10. exf6 Nxf6 11. O-O Bd6 12. Re1 O-O 13. b3 Bd7 14.
Bb2 Rac8 15. Rc1 a6 16. Ne5 Bxe5 17. dxe5 Ne8 18. Rf1 Qd8 19. Ng3 g6 20.
Qg4 Ng7 21. h4 b5 22. h5 g5 23. f4 h6 24. f5 exf5 25. Nxf5 Bxf5 26. Bxf5
Nxf5 27. Rxf5 Qe7 28. Rxf8+ Qxf8 29. Qe6+ Qf7 30. Qxc8+ Kg7 31. e6+ Qf6 32.
Bxf6+ Kxf6 33. Rxc6 Ke7 34. Qd7+ Kf6 35. e7+ Ke5 36. e8=Q+ Kd4 37. Qh8+ Ke4
38. Re6+ Kd3 39. Qxd5+ Kc2 40. Rc6+ Kb1 41. Qd1+ Kxa2 42. Qha1# { Black
checkmated } 1-0

[Event "ICC tourney 2314 (120 10)"]
[Site "Internet Chess Club"]
[Date "2021.01.17"]
[Round "3"]
[White "Yakshwag"]
[Black "Eagle2020"]
[Result "1/2-1/2"]
[ICCResult "Game drawn because neither player has mating material"]
[WhiteElo "1364"]
[BlackElo "1518"]
[Opening "French: exchange variation"]
[ECO "C01"]
[NIC "FR.01"]
[Time "11:01:45"]
[PlyCount "171"]
[TimeControl "7200+10"]

1. e4 e6 2. d4 d5 3. exd5 exd5 4. c4 Be6 5. Nc3 Nf6 6. Bg5 Be7 7. Nf3 h6 8.
Bxf6 Bxf6 9. Qb3 Qe7 10. Be2 c6 11. cxd5 Bxd5 12. Nxd5 cxd5 13. O-O O-O 14.
Rfe1 Nc6 15. Qxd5 Rfd8 16. Qf5 Qd7 17. Qxd7 Rxd7 18. Bb5 Rd6 19. Bxc6 Rxc6
20. b3 Rd8 21. Rad1 Rc2 22. a4 Rb2 23. Re3 Bxd4 24. Kf1 Rxf2+ 25. Ke1 Bxe3
26. Rxd8+ Kh7 27. Rd3 Bc5 28. Rd5 Rc2 29. Kd1 Rc3 30. Nd2 Be3 31. b4 Bxd2
32. Kxd2 Rb3 33. Ra5 a6 34. b5 Rb2+ 35. Kc3 Rxg2 36. bxa6 bxa6 37. Rxa6
Rxh2 38. a5 h5 39. Ra7 Kg6 40. Kb3 h4 41. Rc7 Rh1 42. Kb2 Re1 43. a6 Re6
44. a7 Re8 45. Rc6+ f6 46. Rc3 Ra8 47. Ra3 Kh5 48. Kc2 g5 49. Kd2 Kg4 50.
Ke2 Kf4 51. Kf2 g4 52. Ra4+ Kg5 53. Kg2 f5 54. Ra5 Kf4 55. Ra4+ Ke5 56.
Ra5+ Ke6 57. Ra6+ Ke5 58. Ra5+ Ke4 59. Ra4+ Kd3 60. Ra3+ Kc4 61. Ra4+ Kb5
62. Rf4 Rxa7 63. Rxf5+ Kc6 64. Rf4 Rg7 65. Ra4 h3+ 66. Kg3 Rh7 67. Ra2 Kd5
68. Rh2 Rg7 69. Ra2 Ke5 70. Ra4 Rh7 71. Ra2 h2 72. Rxh2 Rxh2 73. Kxh2 Kf4
74. Kg2 Kg5 75. Kg3 Kf5 76. Kg2 Kf4 77. Kf2 Ke4 78. Kg3 Kf5 79. Kg2 Kf4 80.
Kf2 g3+ 81. Kg2 Kg4 82. Kg1 Kg5 83. Kg2 Kf4 84. Kg1 Ke3 85. Kg2 Ke2 86.
Kxg3 { Game drawn because neither player has mating material } 1/2-1/2

[Event "ICC tourney 2314 (120 10)"]
[Site "Internet Chess Club"]
[Date "2021.01.17"]
[Round "3"]
[White "boochodu"]
[Black "AkshatSuresh"]
[Result "1/2-1/2"]
[ICCResult "Game drawn by mutual agreement"]
[WhiteElo "1500"]
[BlackElo "1691"]
[Opening "English: symmetrical variation"]
[ECO "A30"]
[NIC "EO.64"]
[Time "11:01:26"]
[PlyCount "126"]
[TimeControl "7200+10"]

1. c4 c5 2. g3 Nc6 3. Nf3 g6 4. Bg2 Bg7 5. O-O e6 6. Nc3 Nge7 7. d3 O-O 8.
Bf4 d5 9. cxd5 exd5 10. Rb1 b6 11. Qb3 h6 12. Nb5 Na5 13. Qc2 a6 14. Nc3
Be6 15. b3 Rc8 16. Rfd1 d4 17. Ne4 g5 18. Bd6 f5 19. Bxe7 Qxe7 20. Ned2 Qe8
21. Nc4 Nxc4 22. bxc4 b5 23. Nd2 Bf7 24. Re1 Qd7 25. Ra1 Rfe8 26. a4 b4 27.
Nb3 Qc7 28. a5 Re7 29. Rac1 Rce8 30. Qd2 Be5 31. Rb1 Bd6 32. e3 dxe3 33.
fxe3 Be5 34. d4 Rd8 35. Qb2 cxd4 36. exd4 Qa7 37. Kh1 Bg7 38. Rxe7 Qxe7 39.
c5 Qe3 40. c6 Qxb3 41. Qxb3 Bxb3 42. Rxb3 Rxd4 43. Rb1 Be5 44. Bf1 Bc7 45.
Bxa6 Bxa5 46. Rc1 b3 47. Rb1 Rb4 48. Rxb3 Rxb3 49. Bc4+ Kg7 50. Bxb3 Kf6
51. Kg2 Bc7 52. Bc4 f4 53. gxf4 Bxf4 54. h3 Ke7 55. Ba6 Kd6 56. Bb7 h5 57.
Kf3 Bh2 58. Kg2 Bf4 59. Kf3 Bh2 60. Kg2 Be5 61. Kf3 Kc7 62. Ba8 Bd6 63. Bb7
Bh2 { Game drawn by mutual agreement } 1/2-1/2

[Event "ICC tourney 2314 (120 10)"]
[Site "Internet Chess Club"]
[Date "2021.01.17"]
[Round "4"]
[White "Cbf577"]
[Black "PStricker"]
[Result "1-0"]
[ICCResult "Black resigns"]
[WhiteElo "1363"]
[BlackElo "1519"]
[Opening "French: exchange variation"]
[ECO "C01"]
[NIC "FR.01"]
[Time "16:17:54"]
[PlyCount "45"]
[TimeControl "7200+10"]

1. e4 e6 2. d4 d5 3. exd5 exd5 4. Nf3 Bd6 5. Nc3 c6 6. Bd3 Nf6 7. O-O Bg4
8. Re1+ Be7 9. h3 Bh5 10. Be2 O-O 11. Ne5 Bg6 12. Be3 Nbd7 13. Nxg6 fxg6
14. Bf3 Bd6 15. Bg5 Qc7 16. Qd3 Bf4 17. Bxf4 Qxf4 18. Qe3 Qf5 19. g4 Qxc2
20. Re2 Qxe2 21. Qxe2 Rae8 22. Qd2 Nh5 23. Bxd5+ { Black resigns } 1-0

[Event "ICC tourney 2314 (120 10)"]
[Site "Internet Chess Club"]
[Date "2021.01.17"]
[Round "4"]
[White "AkshatSuresh"]
[Black "AchaTelugammayi"]
[Result "0-1"]
[ICCResult "White resigns"]
[WhiteElo "1691"]
[BlackElo "1500"]
[Opening "Ruy Lopez: Anderssen variation"]
[ECO "C77"]
[NIC "RL.12"]
[Time "16:17:55"]
[PlyCount "32"]
[TimeControl "7200+10"]

1. e4 e5 2. Nf3 Nc6 3. Bb5 a6 4. Ba4 Nf6 5. d3 b5 6. Bb3 Bc5 7. c3 O-O 8.
O-O d5 9. exd5 Nxd5 10. Re1 Bb7 11. Nxe5 Bxf2+ 12. Kxf2 Nxe5 13. d4 Qh4+
14. Kg1 Ng4 15. h3 Qf2+ 16. Kh1 Nde3 { White resigns } 0-1

[Event "ICC tourney 2314 (120 10)"]
[Site "Internet Chess Club"]
[Date "2021.01.17"]
[Round "4"]
[White "muzikmixer"]
[Black "Yakshwag"]
[Result "0-1"]
[ICCResult "White checkmated"]
[WhiteElo "1633"]
[BlackElo "1364"]
[Opening "Pirc: Byrne variation"]
[ECO "B07"]
[NIC "PU.09"]
[Time "16:17:55"]
[PlyCount "56"]
[TimeControl "7200+10"]

1. d4 Nf6 2. Nc3 g6 3. e4 d6 4. Bg5 Bg7 5. Qd2 O-O 6. Bh6 e5 7. Bxg7 Kxg7
8. d5 a6 9. O-O-O b5 10. f3 b4 11. Nce2 a5 12. g4 Na6 13. Ng3 a4 14. h4 b3
15. a3 bxc2 16. Qxc2 Nc5 17. Kb1 Rb8 18. Qd2 Nb3 19. Qe3 Bxg4 20. fxg4 Nxg4
21. Qe2 Qc8 22. Bh3 Nd4 23. Qxg4 Qa6 24. Bf1 Rxb2+ 25. Ka1 Qb6 26. Nf5+
Nxf5 27. exf5 Qb3 28. Qb4 Ra2# { White checkmated } 0-1